 Dungeon Sprint DCSS version 0.16-a0-4092-gb8933cd (webtiles) character file.

900000 BluebellGnoll the Disciple of Destruction (level 13, -45/83 HPs)
             Began as a Demonspawn Warper on Feb 24, 2015.
             Was a Follower of Makhleb.
             Annihilated by a meat berserker
             ... wielding a +9 battleaxe
              (94 damage)
             ... in the Dungeon (Sprint VIII: "Arena of Blood").
             The game lasted 00:00:44 (9 turns).

BluebellGnoll the Disciple of Destruction (DsWr)       Turns: 9, Time: 00:00:45

Health: -45/83     AC:  3    Str: 13    XL:     13   Next: 26%
Magic:  4/36       EV: 28    Int: 15    God:    Makhleb [*.....]
Gold:   0          SH:  0    Dex: 16    Spells: 1 memorised, 15 levels left

rFire  . . .     SeeInvis .     k - +∞ Axe of Woe
rCold  . . .     Clarity  .     b - +0 leather armour
rNeg   . . .     SustAb   .     (no shield)
rPois  .         Gourm    .     (helmet unavailable)
rElec  .         Spirit   .     (no cloak)
rCorr  .         Warding  .     (no gloves)
rMut   .         NoTele   +     (no boots)
MR     .....                    (no amulet)
Stlth  +.........               (no ring)
                                (no ring)

@: not resistant to hostile enchantments, very unstealthy
A: horns 3, demonic guardian 2, foul stench 1, rot immunity
a: Renounce Religion


You were in the Dungeon.
You worshipped Makhleb.
Makhleb was aware of your devotion.
You were not hungry.

You visited 1 branch

Inventory:

Hand weapons
 k - the +∞ Axe of Woe (weapon)
   (You found it in the Dungeon)
Missiles
 e - 5 tomahawks of dispersal (quivered)
Armour
 b - a +0 leather armour (worn)
Scrolls
 d - 2 scrolls of blinking
Potions
 f - a potion of curing
 g - a potion of heal wounds
 h - a potion of haste
 i - 2 potions of magic
 j - a potion of berserk rage
Books
 c - a book of Spatial Translocations

   Spells                             Type                      Level
   a - Apportation                    Translocation                1
   b - Blink                          Translocation                2
   c - Shroud of Golubria             Charms/Translocation         2
   d - Portal Projectile              Translocation                3
   e - Teleport Other                 Translocation                3
   f - Passage of Golubria            Translocation                4
Comestibles
 a - a bread ration


   Skills:
 - Level 2.0 Fighting
 - Level 0.8 Throwing
 - Level 0.8 Armour
 * Level 22.2 Dodging
 - Level 1.7 Unarmed Combat
 - Level 2.0 Spellcasting
 - Level 2.6 Translocations
 O Level 27 Invocations


You had 15 spell levels left.
You knew the following spells:

 Your Spells              Type           Power        Failure   Level  Hunger
a - Apportation           Tloc           #.........   12%         1    #......


Dungeon Overview and Level Annotations

Branches:
Dungeon (1/1)

Altars:
Makhleb


Innate Abilities, Weirdness & Mutations

You have a pair of large horns on your head.
A demonic guardian rushes to your aid.
You emit a foul stench.
You are immune to rotting.


Message History

Makhleb accepts your kill.
Your Dodging skill gained 3 levels and is now at level 22!
You have mastered Invocations!
You have reached level 13!
You hear a shout! x4
The meat berserker rages.
You hear a shout!
The meat berserker hits your smoke demon with a +9 battleaxe!!!
Your smoke demon dies!
You hear a shout! x5
The meat berserker rages.
You hear a shout! x8
The bag of meat hits you with a +9 war axe.
You hear a shout! x2
The bag of meat hits you with a +9 war axe!!
The bag of meat looks sick.
You hear a shout! x2
The meat berserker hits you with a +9 battleaxe!!!!
Ouch! That really hurt!
You die...

.... ........
.......... .........
. #.......# #..
#.......#
....###..o. ..###.
.....O.o)O###.......
#..o.o@.._........
#......)#o....#.....
.......#_.<._# .
.......#.....#
.#........_.....
........###......
..###... ..###. .
#... ..# #... ..#


You could see 2 meat berserkers and 5 bags of meat.

Vanquished Creatures
  An ogre (D)
  2 orcs (D)
3 creatures vanquished.

Vanquished Creatures (others)
  A smoke demon (D)
1 creature vanquished.

Grand Total: 4 creatures vanquished

Notes
Turn   | Place    | Note
--------------------------------------------------------------
     0 | D        | BluebellGnoll, the Demonspawn Warper, began the quest for the Orb.
     0 | D        | Reached XP level 1. HP: 16/16 MP: 3/3
     4 | D        | Became a worshipper of Makhleb the Destroyer
     5 | D        | Noticed a bag of meat
     5 | D        | Noticed a meat berserker
     6 | D        | Noticed a bag of meat
     6 | D        | Noticed a bag of meat
     6 | D        | Noticed a bag of meat
     7 | D        | Noticed a bag of meat
     8 | D        | Noticed a meat berserker
     8 | D        | Killed a meat berserker
     8 | D        | Reached skill level 16 in Dodging
     8 | D        | Reached skill level 23 in Invocations
     8 | D        | Gained mutation: A weak demonic guardian rushes to your aid. [demonic ancestry]
     8 | D        | Reached XP level 2. HP: 22/22 MP: 4/16
     8 | D        | Gained mutation: You are immune to rotting. [demonic ancestry]
     8 | D        | Reached XP level 3. HP: 27/27 MP: 4/19
     8 | D        | Gained mutation: You have a pair of small horns on your head. [demonic ancestry]
     8 | D        | Reached XP level 4. HP: 33/33 MP: 4/22
     8 | D        | Gained mutation: You have a pair of horns on your head. [demonic ancestry]
     8 | D        | Reached XP level 5. HP: 38/38 MP: 4/24
     8 | D        | Gained mutation: A demonic guardian rushes to your aid. [demonic ancestry]
     8 | D        | Reached XP level 6. HP: 44/44 MP: 4/26
     8 | D        | Reached XP level 7. HP: 50/50 MP: 4/28
     8 | D        | Reached XP level 8. HP: 56/56 MP: 4/29
     8 | D        | Gained mutation: You emit a foul stench. [demonic ancestry]
     8 | D        | Reached XP level 9. HP: 61/61 MP: 4/30
     8 | D        | Gained mutation: You have a pair of large horns on your head. [demonic ancestry]
     8 | D        | Reached XP level 10. HP: 67/67 MP: 4/32
     8 | D        | Reached XP level 11. HP: 72/72 MP: 4/33
     9 | D        | Noticed a meat berserker
     9 | D        | Noticed a bag of meat
     9 | D        | Killed a bag of meat
     9 | D        | Acquired Makhleb's first power
     9 | D        | Reached skill level 26 in Invocations
     9 | D        | Reached XP level 12. HP: 78/78 MP: 4/35
     9 | D        | Killed a bag of meat
     9 | D        | Reached skill level 27 in Invocations
     9 | D        | Reached XP level 13. HP: 83/83 MP: 4/36
     9 | D        | Annihilated by a meat berserker

Action                   |  1- 3 |  4- 6 |  7- 9 | 10-12 | 13-15 || total
-------------------------+-------+-------+-------+-------+-------++-------
Melee: Executioner's axe |     1 |       |       |     1 |       ||     2
